 Dungeon Crawl Stone Soup version 0.23.1 (webtiles) character file.

Game seed: 12686639363661959072

14977 Peloso the Carver (level 11, -4/95 HPs)
             Began as a Minotaur Fighter on Mar 6, 2019.
             Was a High Priest of Okawaru.
             Killed by the air
             ... invoked by Gastronok
              (29 damage)
             ... on level 1 of the Lair of Beasts.
             The game lasted 00:27:21 (12783 turns).

Peloso the Carver (Minotaur Fighter)               Turns: 12783, Time: 00:27:21

Health: -4/95      AC: 16    Str: 25    XL:     11   Next: 95%
Magic:  10/10      EV:  8    Int:  5    God:    Okawaru [*****.]
Gold:   476        SH: 13    Dex: 12    Spells: 10/10 levels left

rFire    . . .     SeeInvis .   a - +2 falchion (slice)
rCold    . . .     Gourm    .   c - +0 shield
rNeg     . . .     Faith    .   j - +0 plate armour
rPois    .         Spirit   .   (helmet restricted)
rElec    .         Reflect  .   (no cloak)
rCorr    +         Harm     .   m - +0 pair of gloves
MR       .....                  (no boots)
Stlth    ..........             (no amulet)
HPRegen  0.25/turn              E - +3 ring of strength
MPRegen  0.12/turn              i - ring of resist corrosion

@: slowed, very slow
A: retaliatory headbutt, horns 2
a: Heroism, Finesse, Renounce Religion


You were on level 1 of the Lair of Beasts.
You worshipped Okawaru.
Okawaru was extremely pleased with you.
You were very hungry.

You visited 3 branches of the dungeon, and saw 13 of its levels.

You collected 849 gold pieces.
You spent 373 gold pieces at shops.

Inventory:

Hand Weapons
 a - a +2 falchion of slicing (weapon)
 x - a +1 hand axe of flaming
Armour
 b - a +0 scale mail
 c - a +0 shield (worn)
 j - a +0 plate armour (worn)
 m - a +0 pair of gloves (worn)
Jewellery
 i - a ring of resist corrosion (right hand)
 E - a +3 ring of strength (left hand)
 F - an uncursed ring of wizardry
Wands
 A - a wand of polymorph (24)
 G - a wand of iceblast (12)
 I - a wand of flame (27)
Scrolls
 d - 2 scrolls of vulnerability {unknown}
 g - 8 scrolls of magic mapping
 h - 3 scrolls of enchant weapon {unknown}
 l - 4 scrolls of amnesia {unknown}
 n - 3 scrolls of fog {unknown}
 o - 2 scrolls of random uselessness {unknown}
 r - 11 scrolls of teleportation
 w - 6 scrolls of remove curse
 y - 2 scrolls of enchant armour
 C - a scroll of fear {unknown}
 J - 3 scrolls of identify
 K - a scroll of immolation {unknown}
 L - a scroll of summoning {unknown}
Potions
 e - 3 potions of curing
 k - 3 potions of might
 p - a potion of invisibility
 q - a potion of mutation
 s - a potion of ambrosia
 t - 3 potions of flight
 u - 2 potions of cancellation
 v - a potion of brilliance
 z - a potion of berserk rage
 B - 2 potions of haste {unknown}
 D - a potion of heal wounds {unknown}
 H - a potion of agility
Miscellaneous
 M - a crystal ball of energy
Comestibles
 f - 37 rations


   Skills:
 + Level 8.6 Fighting
 + Level 14.2 Long Blades
 + Level 11.4 Armour
 + Level 2.2 Dodging
 + Level 0.9 Stealth
 + Level 12.1 Shields
 + Level 1.1 Invocations


You had 10 spell levels left.
You didn't know any spells.
Your spell library contained the following spells:

 Spells                   Type           Power        Failure   Level  Hunger
 Corona                   Hex            #......      100%        1    ##.....
 Magic Dart               Conj           #...         100%        1    ##.....
 Blink                    Tloc           N/A          100%        2    ###....
 Call Imp                 Summ           #.......     100%        2    ###....
 Ensorcelled Hibernation  Hex/Ice        #.....       100%        2    ###....
 Slow                     Hex            #.......     100%        2    ###....
 Confuse                  Hex            #.......     100%        3    ####...
 Conjure Flame            Conj/Fire      #.......     100%        3    ####...
 Dazzling Spray           Conj/Hex       #.....       100%        3    ####...
 Mephitic Cloud           Conj/Pois/Air  #.......     100%        3    ####...
 Tukima's Dance           Hex            #.......     100%        3    ####...


Dungeon Overview and Level Annotations

Branches:
Dungeon (11/15)            Temple (1/1) D:6            Lair (1/6) D:10
    Orc (0/2) D:9

Altars:
Ashenzari
Dithmenos
Fedhas
Makhleb
Nemelex Xobeh
Okawaru
Qazlal
Sif Muna
Vehumet
Xom
Zin
The Shining One

Shops:
D:7 %   D:8 =?   D:9 ?*(?(

Annotations:
D:5 exclusion: statue
Lair:1 Gastronok


Innate Abilities, Weirdness & Mutations

You reflexively headbutt those who attack you in melee.
You have a pair of horns on your head.


Message History

You slash Gastronok!
You headbutt Gastronok, but do no damage.
Gastronok is severely wounded.
Gastronok casts a spell.
You hit Gastronok.
Gastronok is severely wounded.
The bat hits you but does no damage.
You hit Gastronok. You headbutt Gastronok.
Gastronok is almost dead.
You block the bat's attack. Gastronok bites you!!
* * * LOW HITPOINT WARNING * * *
You hit Gastronok but do no damage. You headbutt Gastronok!!
Gastronok is almost dead.
The bat hits you but does no damage.
You hit Gastronok.
Gastronok is almost dead.
You block the bat's attack.
Gastronok waves his eye-stalks in wide circles.
The air twists around and strikes you!
You die...

#.....##..#.#.#. #..........#
#............... ............
#...........#.# #####.......
#.##..##...P# ##......
#.P....#...## ##......
P......#....#########.##......
##.P...........................
#.#....+....b.w.......#.###...
#.#PPP#......@.......#......†.
...................#....#...
.............#####.#....#<..
............## P... #...
..........# P.. #... .######.>#
#.. #... #..# #... #... ....
....


You could see Gastronok and a bat.

Vanquished Creatures
  2 two-headed ogres (D:10)
  A deep elf mage (D:10)
  2 cyclopes
  Joseph (D:8)
  A centaur skeleton (D:9)
  2 queen bees
  A slime creature (D:10)
  4 hippogriffs
  A wraith (D:10)
  Sigmund (D:3)
  A vampire mosquito (D:10)
  3 hungry ghosts
  Menkaure (D:4)
  Edmund (D:6)
  A water moccasin (Lair:1)
  A porcupine (Lair:1)
  6 ice beasts
  4 orc warriors
  8 sky beasts
  A black bear (D:10)
  An eye of draining (D:8)
  2 phantoms (D:9)
  12 ogres
  A necrophage (D:11)
  3 centaurs
  A crocodile (D:7)
  12 bullfrogs
  3 big kobolds
  4 scorpions
  2 wyvern skeletons
  44 killer bees
  13 wights
  A howler monkey (D:4)
  4 centaur zombies
  3 crimson imps
  3 bullfrog zombies
  A quasit (D:7)
  2 hounds
  3 jellies
  3 bullfrog skeletons
  8 orc priests
  2 gnoll shamans (D:8)
  5 iguanas
  7 orc wizards
  9 worker ants
  A centaur simulacrum (D:10)
  3 worker ant zombies (D:10)
  A howler monkey skeleton (D:7)
  10 gnolls
  13 adders
  5 shadow imps
  4 oozes
  3 worms
  2 adder skeletons (D:8)
  A dart slug (D:1)
  6 leopard geckos
  54 orcs
  8 bats
  6 giant cockroaches
  7 goblins
  11 hobgoblins
  9 jackals
  3 quokkas
  3 ball pythons
  9 frilled lizards
  A giant cockroach zombie (D:5)
  2 goblin zombies (D:8)
  3 hobgoblin zombies (D:8)
  A jackal skeleton (D:6)
  8 kobolds
  A kobold skeleton (D:8)
  A kobold zombie (D:8)
  2 orc skeletons (D:8)
  2 orc zombies (D:8)
  A quokka skeleton (D:4)
  11 rats
384 creatures vanquished.

Vanquished Creatures (others)
  5 fungi (D:9)
5 creatures vanquished.

Grand Total: 389 creatures vanquished

Notes
Turn   | Place    | Note
-------+----------+-------------------------------------------
     0 | D:1      | Peloso the Minotaur Fighter began the quest for the Orb.
     0 | D:1      | Reached XP level 1. HP: 19/19 MP: 0/0
    24 | D:1      | Reached XP level 2. HP: 27/27 MP: 1/1
   217 | D:1      | Reached XP level 3. HP: 32/33 MP: 2/2
   237 | D:1      | Reached skill level 3 in Long Blades
   537 | D:2      | Reached XP level 4. HP: 40/40 MP: 3/3
  1502 | D:3      | Reached skill level 5 in Armour
  1502 | D:3      | Reached XP level 5. HP: 46/46 MP: 4/4
  1539 | D:3      | Reached skill level 4 in Long Blades
  1556 | D:3      | Found a faded altar of an unknown god.
  1636 | D:3      | Reached skill level 5 in Long Blades
  2039 | D:3      | Reached skill level 5 in Shields
  2039 | D:3      | Reached XP level 6. HP: 52/52 MP: 5/5
  2179 | D:3      | Noticed Sigmund
  2190 | D:3      | Killed Sigmund
  2190 | D:3      | Reached skill level 6 in Long Blades
  2608 | D:4      | Reached XP level 7. HP: 60/60 MP: 6/6
  2715 | D:4      | Noticed Menkaure
  2721 | D:4      | Killed Menkaure
  2932 | D:4      | Reached skill level 7 in Long Blades
  3020 | D:4      | Found a burning altar of Makhleb.
  3020 | D:4      | Found a glowing silver altar of Zin.
  3021 | D:4      | Noticed an angel
  3021 | D:4      | Noticed an Executioner
  3396 | D:5      | Entered Level 5 of the Dungeon
  3419 | D:5      | Found a radiant altar of Vehumet.
  3593 | D:5      | Found a sparkling altar of Nemelex Xobeh.
  3745 | D:5      | Found a deep blue altar of Sif Muna.
  4105 | D:6      | Reached skill level 8 in Long Blades
  4105 | D:6      | Reached XP level 8. HP: 65/67 MP: 7/7
  4173 | D:6      | Noticed Edmund
  4204 | D:6      | Killed Edmund
  4204 | D:6      | Reached skill level 5 in Fighting
  4689 | D:6      | Reached skill level 9 in Long Blades
  4770 | D:6      | Found a staircase to the Ecumenical Temple.
  4780 | Temple   | Entered the Ecumenical Temple
  4784 | Temple   | Became a worshipper of Warmaster Okawaru
  5277 | D:7      | Found Zopilaech's Food Shop.
  5356 | D:7      | Reached XP level 9. HP: 74/74 MP: 8/8
  5370 | D:7      | Reached * piety under Okawaru
  5374 | D:7      | Reached skill level 10 in Long Blades
  5819 | D:8      | Noticed Joseph
  6402 | D:7      | Reached skill level 11 in Long Blades
  6734 | D:7      | Reached ** piety under Okawaru
  7022 | D:8      | Noticed a queen bee
  7034 | D:7      | Reached skill level 1 in Dodging
  7389 | D:7      | Killed a queen bee
  7389 | D:7      | Reached XP level 10. HP: 83/83 MP: 7/9
  7725 | D:8      | Killed Joseph
  7725 | D:8      | Reached *** piety under Okawaru
  7819 | D:8      | Found Seeh's Jewellery Shop.
  7856 | D:8      | Reached skill level 1 in Invocations
  8092 | D:8      | Found a glowing golden altar of the Shining One.
  8291 | D:8      | Reached skill level 12 in Long Blades
  8433 | D:8      | Noticed a cyclops
  8442 | D:8      | Killed a cyclops
  8442 | D:8      | Reached skill level 10 in Armour
  8442 | D:8      | Reached skill level 10 in Shields
  8469 | D:8      | Found a shattered altar of Ashenzari.
  8502 | D:8      | Found Hoedaz's Magic Scroll Shoppe.
  8506 | D:8      | Bought 3 scrolls of magic mapping for 126 gold pieces
  8506 | D:8      | Bought a scroll of enchant armour for 90 gold pieces
  8506 | D:8      | Bought a scroll of identify for 24 gold pieces
  8506 | D:8      | Bought a scroll of remove curse for 36 gold pieces
  8781 | D:9      | Found Emaga's Weapon Boutique.
  8810 | D:9      | Reached **** piety under Okawaru
  8910 | D:9      | Found Qeoshr Xyge's Magic Scroll Shoppe.
  8933 | D:9      | Bought a scroll of teleportation for 45 gold pieces
  8933 | D:9      | Bought a scroll of magic mapping for 52 gold pieces
  8973 | D:9      | Found Xizeloiw's General Store.
  9290 | D:9      | Found a staircase to the Orcish Mines.
  9429 | D:9      | Reached XP level 11. HP: 60/92 MP: 10/10
  9732 | D:9      | Reached ***** piety under Okawaru
  9934 | D:9      | Found Fezosoiturgh's Magic Scroll Shop.
  9987 | D:9      | Got a pair of dazzling boots
  9993 | D:9      | Identified the -5 pair of boots "Loulej" {rCorr} (You found
                  | it on level 9 of the Dungeon)
 10007 | D:9      | Found a blossoming altar of Fedhas.
 10070 | D:9      | Reached skill level 13 in Long Blades
 10274 | D:9      | Found Ycsyuh's Weapon Shop.
 10308 | D:10     | Entered Level 10 of the Dungeon
 10308 | D:10     | Noticed a two-headed ogre
 10702 | D:10     | Killed a two-headed ogre
 10832 | D:10     | Received a gift from Okawaru
 10879 | D:10     | Noticed a deep elf mage
 10892 | D:10     | Killed a deep elf mage
 11075 | D:10     | Noticed a two-headed ogre
 11083 | D:10     | Killed a two-headed ogre
 11251 | D:10     | Reached skill level 14 in Long Blades
 11418 | D:10     | Found a staircase to the Lair.
 11958 | D:11     | Noticed a death knight
 12679 | Lair:1   | Entered Level 1 of the Lair of Beasts
 12756 | Lair:1   | Noticed Gastronok
 12783 | Lair:1   | Killed from afar by Gastronok

Skill      XL: |  1  2  3  4  5  6  7  8  9 10 11 |
---------------+----------------------------------+-----
Shields        | 4 5 6 7 9 10 12 | 12.1
Armour         | 4 5 6 7 9 10 11 | 11.4
Fighting       | 4 5 7 8 |  8.6
Long Blades    | 3 5 6 8 9 11 12 14 | 14.2
Dodging        | 1 2 |  2.2
Invocations    | 1 |  1.1
Stealth        | |  0.9

Action                   |  1- 3 |  4- 6 |  7- 9 | 10-12 || total
-------------------------+-------+-------+-------+-------++-------
Melee: Long sword        |    83 |   199 |       |       ||   282
       Headbutt          |    10 |    34 |    78 |   180 ||   302
       Falchion          |       |     4 |   374 |   723 ||  1101
Invok: Heroism           |       |       |     4 |     7 ||    11
  Use: Potion            |       |     1 |     3 |       ||     4
       Scroll            |       |       |       |     9 ||     9
  Eat: Chunk             |       |     6 |    11 |    22 ||    39
       Ration            |       |       |     1 |       ||     1
Armor: Scale mail        |     6 |       |       |       ||     6
       Plate armour      |    60 |   105 |   231 |   266 ||   662
Dodge: Dodged            |    21 |    25 |    95 |   118 ||   259
Block: Shield            |    64 |   103 |   242 |   335 ||   744
       Rpst.: Long sword |     5 |     5 |       |       ||    10
       Falchion          |       |       |    27 |    32 ||    59
